 Dungeon Crawl Stone Soup version 0.28.0-43-g3370ac3207 (webtiles) character file.

Game seed: 12231191784348595105

144 Iusername the Covered (level 5, 0/47 HPs)
             Began as a Minotaur Fighter on Apr 1, 2022.
             Slain by a gnoll
             ... wielding a +0 halberd
              (4 damage)
             ... on level 3 of the Dungeon.
             The game lasted 00:07:18 (1789 turns).

Iusername the Covered (Minotaur Fighter)            Turns: 1789, Time: 00:07:18

Health: 0/47       AC:  7    Str: 22    XL:     5   Next: 5%
Magic:  4/4        EV:  9    Int:  5    God:
Gold:   83         SH:  4    Dex: 10    Spells: 4/4 levels left

rFire   . . .      SeeInvis .   l - +2 dagger (flame)
rCold   . . .      Faith    .   c - +0 buckler
rNeg    . . .      Spirit   .   b - +0 scale mail
rPois   .          Reflect  .   (helmet restricted)
rElec   .          Harm     .   (no cloak)
rCorr   .          Rampage  .   (no gloves)
Will    .....                   (no boots)
Stlth   ..........              (no amulet)
HPRegen 0.15/turn               (no ring)
MPRegen 0.09/turn               (no ring)

@: mighty
A: horns 2, retaliatory headbutt
a: no special abilities


You were on level 3 of the Dungeon.
You visited 1 branch of the dungeon, and saw 3 of its levels.

You collected 83 gold pieces.

Inventory:

Hand Weapons
 a - a +0 long sword
 j - a +0 dagger of venom
 l - a +2 dagger of flaming (weapon)
Armour
 b - a +0 scale mail (worn)
 c - a +0 buckler (worn)
Scrolls
 f - 2 scrolls of immolation {unknown}
 h - 3 scrolls of teleportation {unknown}
 i - a scroll of amnesia {unknown}
 k - a scroll of fear {unknown}
Potions
 e - a potion of resistance {unknown}
 g - a potion of curing {unknown}


   Skills:
 + Level 4.5 Fighting
 + Level 3.3 Long Blades
 + Level 4.9 Armour
 + Level 0.9 Dodging
 + Level 4.7 Shields


You had 4 spell levels left.
You didn't know any spells.
Your spell library contained the following spells:

 Spells                   Type           Power      Damage    Failure   Level
 Magic Dart               Conj           0%         1d3       86%         1
 Call Imp                 Summ           0%         N/A       95%         2
 Call Canine Familiar     Summ           0%         N/A       99%         3
 Confusing Touch          Hex            0%         N/A       99%         3
 Mephitic Cloud           Conj/Pois/Air  0%         N/A       99%         3
 Portal Projectile        Hex/Tloc       0%         N/A       99%         3
 Tukima's Dance           Hex            0%         N/A       99%         3
 Leda's Liquefaction      Hex/Erth       0%         N/A       100%        4
 Passage of Golubria      Tloc           0%         N/A       100%        4
 Yara's Violent Unravell  Hex/Tmut       0%         3d3       100%        5
 Enfeeble                 Hex            0%         N/A       100%        7


Dungeon Overview and Level Annotations

Branches:
Dungeon (3/15)

Altars:


Innate Abilities, Weirdness & Mutations

You have a pair of horns on your head.
You reflexively headbutt those who attack you in melee.


Message History

The orc shouts!
The orc grunts repeatedly.
A gnoll comes into view. It is wielding a +0 halberd.
The gnoll shouts!
The gnoll moves out of view.
A rat and a gnoll come into view.
The gnoll shouts!
You hear a shout!
The orc hits you but does no damage.
A gnoll comes into view. It is wielding a +0 flail.
You barely miss the orc.
A kobold comes into view. It is wielding a +0 whip.
The orc barely misses you.
You closely miss the orc.
The kobold shouts!
You block the orc's attack.
You hit the orc. You burn the orc. Your headbutt misses the orc.
The orc is almost dead.
The gnoll hits you from afar with a +0 halberd!
You block the orc's attack.
You hit the orc. You burn the orc.
You kill the orc!
The gnoll hits you from afar with a +0 halberd.
You hit the rat. You burn the rat.
You kill the rat!
The gnoll hits you from afar with a +0 halberd.
A gnoll comes into view. It is wielding a +0 club.
The gnoll shouts!
The gnoll hits you with a +0 halberd!
* * * LOW HITPOINT WARNING * * *
You block the kobold's attack. The gnoll hits you but does no damage.
Things that are here:
a +0 whip; a rat corpse; an orc corpse You closely miss the gnoll.
The gnoll hits you but does no damage. The kobold closely misses you.
The gnoll hits you but does no damage. The gnoll closely misses you.
The kobold throws a stone.
The stone barely misses you.
You feel very mighty all of a sudden. The gnoll closely misses you.
The gnoll hits you with a +0 halberd.
You die...

.... #####...#..#..#
... ##.....##.#. ..
...###.......... .
#............#.
######......... ###
##.......... ##...
####.....##.##.
#.....###......#.......
.....gKg@...####.......
......g###### .......
....... ....... #.....#
....... ...... ######.
...... ..... .....


You could see 3 gnolls and a kobold.

Vanquished Creatures
  Jessica (D:2)
  6 adders
  A worm (D:2)
  A dart slug (D:3)
  4 orcs (D:3)
  7 ball pythons
  5 endoplasms
  A giant cockroach (D:1)
  6 goblins
  3 hobgoblins
  4 jackals (D:3)
  5 kobolds
  2 quokkas
  4 bats
  3 frilled lizards
  A rat (D:3)
54 creatures vanquished.

Notes
Turn   | Place    | Note
-------+----------+-------------------------------------------
     0 | D:1      | Iusername the Minotaur Fighter began the quest for the Orb.
     0 | D:1      | Reached XP level 1. HP: 19/19 MP: 0/0
   215 | D:1      | Reached XP level 2. HP: 14/27 MP: 1/1
   754 | D:2      | Noticed Jessica
   759 | D:2      | Killed Jessica
   760 | D:2      | Reached XP level 3. HP: 28/33 MP: 2/2
   988 | D:2      | Reached XP level 4. HP: 39/40 MP: 3/3
  1568 | D:3      | Found a faded altar of an unknown god.
  1672 | D:3      | Reached XP level 5. HP: 44/47 MP: 4/4
  1789 | D:3      | Slain by a gnoll

Illustrated notes

Levels and vault maps discovered:
D:1:      evilmike_arrival_home_sweet_home, layout_basic
D:2:      layout_rooms, serial_glass, glass_columns_a, glass_columns_b,
          minmay_ruptured, uniq_jessica
D:3:      layout_rooms, nicolae_ecumenical_lake_church

Skill      XL: |  1  2  3  4 |
---------------+-------------+-----
Shields        | 4 |  4.7
Fighting       | 4 |  4.5
Armour         | 4 |  4.9
Long Blades    | 3 |  3.3
Dodging        | |  0.9

Action                   |  1- 3 |  4- 6 || total
-------------------------+-------+-------++-------
Melee: Long sword        |    49 |    44 ||    93
       Headbutt          |     9 |     8 ||    17
       Dagger            |       |    19 ||    19
  Use: Potion            |       |     1 ||     1
Armor: Scale mail        |    39 |    38 ||    77
Dodge: Dodged            |    26 |    37 ||    63
Block: Buckler           |    14 |    22 ||    36
